 Dungeon Crawl Stone Soup version 0.24-a0-309-g1095bca (webtiles) character file.

Game seed: 13278928172929778786

125 mhoghedin the Insei (level 4, -10/34 HPs)
             Began as a Demigod Transmuter on May 14, 2019.
             Killed by divine providence
             ... invoked by an orc priest
              (12 damage)
             ... on level 2 of the Dungeon.
             The game lasted 00:04:26 (1391 turns).

mhoghedin the Insei (Demigod Transmuter)            Turns: 1391, Time: 00:04:27

Health: -10/34     AC:  2    Str: 15    XL:     4   Next: 53%
Magic:  2/10       EV: 18    Int: 17    God:
Gold:   106        SH:  0    Dex: 21    Spells: 2/8 levels left

rFire    . . .     SeeInvis .   f - +0 whip
rCold    . . .     Gourm    .   (no shield)
rNeg     . . .     Faith    .   b - +0 robe
rPois    .         Spirit   .   (no helmet)
rElec    .         Reflect  .   (no cloak)
rCorr    .         Harm     .   (no gloves)
MR       .....                  (no boots)
Stlth    +++.......             (no amulet)
HPRegen  0.11/turn              (no ring)
MPRegen  0.12/turn              (no ring)

@: agile, flying, very slightly contaminated
A: high mp 1
a: no special abilities


You were on level 2 of the Dungeon.
You were not hungry.

You visited 1 branch of the dungeon, and saw 2 of its levels.

You collected 106 gold pieces.

Inventory:

Hand Weapons
 f - a +0 whip (weapon)
   (You found it on level 1 of the Dungeon)
Missiles
 a - 12 arrows
Armour
 b - a +0 robe (worn)
Wands
 g - a wand of random effects (18)
   (You found it on level 2 of the Dungeon)
Scrolls
 c - a scroll of random uselessness {unknown}
 e - a scroll of remove curse {unknown}
 j - a scroll of enchant armour {unknown}
 l - a scroll of teleportation
Potions
 h - a potion of agility
Comestibles
 d - a ration


   Skills:
 - Level 0.8 Fighting
 - Level 1.7 Dodging
 + Level 3.4 Unarmed Combat
 - Level 2.6 Spellcasting
 - Level 3.1 Transmutations
 - Level 1.1 Poison Magic


You had 2 spell levels left.
You knew the following spells:

 Your Spells              Type           Power        Failure   Level  Hunger
a - Beastly Appendage     Tmut           ##....       4%          1    #......
c - Spider Form           Tmut/Pois      #.........   22%         3    ###....
s - Sticks to Snakes      Tmut           ##......     8%          2    ##.....

Your spell library contained the following spells:

 Spells                   Type           Power        Failure   Level  Hunger
 Ice Form                 Ice/Tmut       #.......     67%         4    #####..
 Blade Hands              Tmut           ##........   80%         5    ######.


Dungeon Overview and Level Annotations

Branches:
Dungeon (2/15)


Innate Abilities, Weirdness & Mutations

You have an increased reservoir of magic. (+10% MP)


Message History

It was a potion of agility.
You feel agile all of a sudden.
It was a potion of ambrosia.
You are confused.
You feel invigorated.
You regained 3 hp, and now have 14/34 hp.
MP restored: 10 You regained 5 hp, and now have 19/34 hp.
The orc priest hits you from afar with a +0 trident.
You regained 2 hp, and now have 21/34 hp.
The orc priest hits you from afar with a +0 trident!
You take 4 damage, and have 17/34 hp.
The orc priest completely misses you.
You regained 5 hp, and now have 22/34 hp.
The orc priest misses you.
You regained 5 hp, and now have 27/34 hp.
The orc priest mumbles some strange prayers to Beogh against you.
Beogh smites you!
You take 11 damage, and have 16/34 hp.
MASSIVE DAMAGE!!
You bump into the rock wall.
An orc comes into view. It is wielding a +0 hand axe.
The orc priest misses you.
The orc shouts!
You regained 4 hp, and now have 20/34 hp.
You bump into the rock wall.
The orc closely misses you.
The orc priest casts a cantrip, but nothing happens.
You regained 4 hp, and now have 24/34 hp.
You feel less invigorated.
You feel less confused.
You regained 4 hp, and now have 28/34 hp.
You create a snake!
You now have 14 arrows.
The orc hits you with a +0 hand axe.
The orc closely misses your ball python.
The orc priest hits you from afar with a +0 trident!
You take 10 damage, and have 18/34 hp.
MASSIVE DAMAGE!!
You now have 8/10 mp.
Your ball python bites the orc but does no damage.
Your ball python grabs the orc.
Your ball python constricts the orc.
The orc struggles to escape constriction.
Your ball python bites the orc but does no damage.
Your ball python constricts the orc.
The orc priest hits your ball python with a +0 trident!
Your ball python dies!
Casting: Sticks to Snakes (safe; 8% risk of failure)
You create a snake!
You now have 13 arrows.
You now have 7/10 mp.
Casting: Sticks to Snakes (safe; 8% risk of failure)
You create a snake!
You now have 12 arrows.
The orc hits you with a +0 hand axe. The orc priest barely misses you.
You take 3 damage, and have 16/34 hp.
You now have 5/10 mp.
What are your orders? t - Shout!
Orders for allies: a - Attack new target. r - Retreat! s - Stop attacking. g - Guard the area. f - Follow me.
Anything else - Cancel.
Gang up on whom?
Aim: an orc priest, wielding a +0 trident Attack!
The orc hits you with a +0 hand axe.
The orc hits your ball python with a +0 hand axe.
Your ball python closely misses the orc.
Your ball python grabs the orc.
Your ball python constricts the orc.
The orc priest closely misses you.
You take 4 damage, and have 12/34 hp.
Casting: Sticks to Snakes (safe; 8% risk of failure)
You miscast Spider Form.
You are very lightly contaminated with residual magic.
Multicoloured lights dance before your eyes!
Your ball python bites the orc but does no damage.
Your ball python constricts the orc.
Your adder bites the orc priest.
The orc barely misses you. The orc completely misses your adder.
The orc closely misses your ball python.
The orc priest misses you.
You now have 2/10 mp.
Your adder closely misses the orc priest.
Your ball python bites the orc but does no damage.
Your ball python constricts the orc.
The orc hits you with a +0 hand axe.
* * * LOW HITPOINT WARNING * * *
The orc hits your ball python but does no damage.
The orc misses your adder.
You take 5 damage, and have 7/34 hp.
It was a potion of flight.
You feel very buoyant.
You fly up into the air.
Your adder barely misses the orc priest.
Your ball python bites the orc but does no damage.
Your ball python constricts the orc.
The orc priest hits you with a +0 trident.
* * * LOW HITPOINT WARNING * * *
Your adder bites the orc priest.
The orc barely misses you.
The orc hits your adder with a +0 hand axe.
The orc closely misses your ball python.
Your ball python completely misses the orc.
Your ball python constricts the orc.
You take 5 damage, and have 2/34 hp.
The orc priest mumbles some strange prayers to Beogh against you.
Beogh smites you!
You die...

......)...##..............
#......(..##............##
#.......(...#...........##
..........#...............
.......$..##..#.#####.(...
.........(((....(((((.....
..........#.().((###..#...
..........#oS...##......#.
.....<...@.oS......###..()
#.......#.#.#....(......()
.##..#...#.#.......#.###(
...........(.....#..# #.
####.%....#........## #.
#.............######.
....................(
...............#######
..####........#


You could see an orc priest, an orc, a friendly adder and a friendly ball
python.

Vanquished Creatures
  An orc wizard (D:2)
  An adder (D:2)
  3 gnolls (D:2)
  An ooze (D:1)
  A dart slug (D:1)
  A leopard gecko (D:1)
  2 orcs (D:2)
  5 bats (D:1)
  2 giant cockroaches
  8 goblins
  4 hobgoblins
  8 kobolds
  2 frilled lizards (D:2)
  7 rats
46 creatures vanquished.

Vanquished Creatures (collateral kills)
  A gnoll (D:2)
1 creature vanquished.

Grand Total: 47 creatures vanquished

Notes
Turn   | Place    | Note
-------+----------+-------------------------------------------
     0 | D:1      | mhoghedin the Demigod Transmuter began the quest for the
                  | Orb.
     0 | D:1      | Reached XP level 1. HP: 15/15 MP: 5/5
    43 | D:1      | Reached skill level 2 in Transmutations
    55 | D:1      | Reached skill level 2 in Spellcasting
    98 | D:1      | Reached XP level 2. HP: 21/22 MP: 4/7
   295 | D:1      | Learned a level 2 spell: Sticks to Snakes
   742 | D:1      | Reached XP level 3. HP: 22/27 MP: 7/9
   819 | D:2      | Learned a level 3 spell: Spider Form
   950 | D:2      | Reached skill level 3 in Transmutations
   966 | D:2      | Reached skill level 1 in Poison Magic
   987 | D:1      | HP: 6/27 [kobold/stone (2)]
  1251 | D:2      | Reached XP level 4. HP: 25/34 MP: 7/10
  1358 | D:2      | Reached skill level 3 in Unarmed Combat
  1389 | D:2      | HP: 7/34 [orc/+0 hand axe (5)]
  1390 | D:2      | HP: 2/34 [orc priest/+0 trident (5)]
  1391 | D:2      | Killed from afar by an orc priest

Levels and vault maps discovered:
D:1:      minmay_arrival_plants_in_alcoves, layout_loops_ring
D:2:      cheibrodos_pilgrimage, layout_rooms, grunt_decor_mini_mirrors

Skill      XL: |  1  2  3  4 |
---------------+-------------+-----
Transmutations | 2 3 |  3.1
Spellcasting   | 2 |  2.6
Poison Magic   | 1 |  1.1
Unarmed Combat | 3 |  3.4
Fighting       | |  0.8
Dodging        | |  1.7

Action                   |  1- 3 |  4- 6 || total
-------------------------+-------+-------++-------
Melee: Unarmed           |    42 |     9 ||    51
       Headbutt          |     8 |       ||     8
       Kick              |     7 |       ||     7
       Whip              |    64 |       ||    64
Throw: Javelin           |     2 |       ||     2
 Cast: Beastly Appendage |    23 |       ||    23
       Sticks to Snakes  |     6 |     3 ||     9
       Spider Form       |     3 |     1 ||     4
  Use: Scroll            |     2 |       ||     2
       Potion            |       |     3 ||     3
  Eat: Ration            |     1 |       ||     1
Armor: Robe              |    21 |       ||    21
       Skin              |     2 |     1 ||     3
Dodge: Dodged            |   102 |    19 ||   121

Table legend:
 A = Non-vault XP
 B = Vault XP
 C = Vault XP percentage of total XP
 D = Non-vault monster count
 E = Vault monster count
 F = Vault count percentage of total count
                 A         B        C        D         E       F
            +---------+---------+-------+---------+---------+-------
      Total |     133 |      46 |  25.7 |      44 |       3 |   6.4
            +---------+---------+-------+---------+---------+-------
        D:1 |      51 |       0 |   0.0 |      28 |       0 |   0.0
        D:2 |      82 |      46 |  35.9 |      16 |       3 |  15.8
            +---------+---------+-------+---------+---------+-------

Levels and vault maps discovered:
D:1:      minmay_arrival_plants_in_alcoves, layout_loops_ring
D:2:      cheibrodos_pilgrimage, layout_rooms, grunt_decor_mini_mirrors

Table legend:
 A = Turns spent in this place as a percentage of turns spent in the entire game.
 B = Non-inter-level travel turns spent in this place as a percentage of non-inter-level travel turns spent in the entire game.
 C = Inter-level travel turns spent in this place as a percentage of turns spent in this place.
 D = Turns resting spent in this place as a percentage of non-inter-level travel turns spent in this place.
 E = Turns spent auto-exploring this place as a percentage of non-inter-level travel turns spent in this place.
 F = Non-inter-level travel turns spent in this place divided by the number of levels of this place that you've seen.
                   A       B       C       D       E      F
               +-------+-------+-------+-------+-------+----------------------
         Total | 100.0 | 100.0 |   2.9 |  34.3 |  36.9 | 675.5
       Dungeon | 100.0 | 100.0 |   2.9 |  34.3 |  36.9 | 675.5
               +-------+-------+-------+-------+-------+----------------------

Table legend:
 A = Kills in this place as a percentage of kills in entire the game.
 B = Kills by you in this place as a percentage of kills by you in the entire game.
 C = Kills by friends in this place as a percentage of kills by friends in the entire game.
 D = Other kills in this place as a percentage of other kills in the entire game.
 E = Experience gained in this place as a percentage of experience gained in the entire game.
 F = Experience gained in this place divided by the number of levels of this place that you have seen.
                   A       B       C       D       E      F
               +-------+-------+-------+-------+-------+----------------------
         Total | 100.0 | 100.0 | 100.0 |   N/A | 100.0 |  89.5
       Dungeon | 100.0 | 100.0 | 100.0 |   N/A | 100.0 |  89.5
               +-------+-------+-------+-------+-------+----------------------
